 Dungeon Crawl Stone Soup version 0.24-a0-123-ga2403f3307 (webtiles) character file.

Game seed: 13948305720778053455

60 MrRokkomies the Caller (level 4, -2/32 HPs)
             Began as a Gnoll Wanderer on Feb 21, 2019.
             Killed by nerve-wracking pain
             ... invoked by Jessica
              (13 damage)
             ... on level 2 of the Dungeon.
             The game lasted 00:03:13 (1702 turns).

MrRokkomies the Caller (Gnoll Wanderer)             Turns: 1702, Time: 00:03:14

Health: -2/32      AC: 10    Str: 18    XL:     4   Next: 6%
Magic:  8/8        EV:  5    Int: 15    God:
Gold:   100        SH:  0    Dex: 11    Spells: 6/8 levels left

rFire    . . .     SeeInvis .   i - +0 short sword
rCold    . . .     Gourm    .   (no shield)
rNeg     . . .     Faith    .   a - +0 plate armour
rPois    .         Spirit   .   (no helmet)
rElec    .         Reflect  .   (no cloak)
rCorr    .         Harm     .   (no gloves)
MR       .....                  (no boots)
Stlth    ..........             (no amulet)
HPRegen  0.10/turn              (no ring)
MPRegen  0.11/turn              (no ring)

@: no status effects
A: distributed training, fangs 1, strong nose
a: no special abilities


You were on level 2 of the Dungeon.
You were not hungry.

You visited 1 branch of the dungeon, and saw 2 of its levels.

You collected 100 gold pieces.

Inventory:

Hand Weapons
 i - a +0 short sword (weapon)
Missiles
 b - 78 stones (quivered)
 g - 43 poisoned needles
Armour
 a - a +0 plate armour (worn)
Scrolls
 c - a scroll of remove curse
Potions
 d - a potion of lignification {unknown}
 e - a potion of haste {unknown}
 j - a potion of flight {unknown}
Comestibles
 f - 8 rations
 h - a chunk of flesh


   Skills:
 + Level 1.0 Fighting
 + Level 1.0 Short Blades
 + Level 1.0 Long Blades
 + Level 1.0 Axes
 + Level 1.0 Maces & Flails
 + Level 1.0 Polearms
 + Level 1.0 Staves
 + Level 1.0 Slings
 + Level 1.0 Bows
 + Level 1.0 Crossbows
 + Level 1.0 Throwing
 + Level 1.0 Armour
 + Level 1.0 Dodging
 + Level 1.0 Stealth
 + Level 2.7 Shields
 + Level 1.0 Unarmed Combat
 + Level 2.9 Spellcasting
 + Level 0.7 Conjurations
 + Level 0.7 Hexes
 + Level 3.8 Charms
 + Level 7.1 Summonings
 + Level 0.7 Necromancy
 + Level 0.7 Translocations
 + Level 0.7 Transmutations
 + Level 0.7 Fire Magic
 + Level 0.7 Ice Magic
 + Level 0.7 Air Magic
 + Level 0.7 Earth Magic
 + Level 2.2 Poison Magic
 + Level 1.1 Invocations
 + Level 2.7 Evocations


You had 6 spell levels left.
You knew the following spells:

 Your Spells              Type           Power        Failure   Level  Hunger
a - Infusion              Chrm           ##..         91%         1    #......
b - Summon Small Mammal   Summ           ###.         47%         1    #......

Your spell library contained the following spells:

 Spells                   Type           Power        Failure   Level  Hunger
 Song of Slaying          Chrm           ##......     97%         2    ##.....
 Shroud of Golubria       Chrm/Tloc      #.........   99%         2    ##.....
 Recall                   Summ/Tloc      N/A          99%         3    ###....
 Ensorcelled Hibernation  Hex/Ice        #.....       100%        2    ##.....
 Throw Frost              Conj/Ice       #.....       100%        2    ##.....
 Regeneration             Chrm/Necr      #.........   100%        3    ###....
 Spectral Weapon          Hex/Chrm       #.......     100%        3    ###....


Dungeon Overview and Level Annotations

Branches:
Dungeon (2/15)

Altars:

Annotations:
D:2 Jessica


Innate Abilities, Weirdness & Mutations

Your experience applies equally to all skills.
You have very sharp teeth.
Your uncanny sense of smell can sniff out nearby items.


Message History

Your plate armour prevents you from hitting Jessica.
Jessica hits you but does no damage.
Jessica points at you and mumbles some strange words.
Pain shoots through your body!
You are too injured to fight recklessly!
You are too injured to fight recklessly!
You are too injured to fight recklessly!
You barely miss Jessica. Jessica hits you but does no damage.
A worm comes into view.
Your plate armour prevents you from hitting Jessica.
Jessica hits you but does no damage.
You hit Jessica but do no damage.
Jessica points at you and mumbles some strange words.
Pain shoots through your body!
You hit Jessica but do no damage. Jessica hits you but does no damage.
You hit Jessica.
Jessica is moderately wounded.
Jessica casts a spell at you. Pain shoots through your body!
You die...

.. ..# #### #+###..
+##+#... ..# .......
.......# #.# ....w..
.............#.##.......
.......#.....#.....$....
........<....#..........
.............+..@@......
......#......#.#####....
......#......#.# .
......#......#.###
......+......'...+ ∆
.######......#####
......'......'...+
.######......##### .#
##'#####


You could see a worm and Jessica.

Vanquished Creatures
  2 oozes
  2 worms (D:2)
  A bat (D:1)
  4 giant cockroaches
  A goblin (D:2)
  4 hobgoblins (D:1)
  6 jackals
  10 kobolds
  A ball python (D:1)
  5 frilled lizards
  10 rats
46 creatures vanquished.

Notes
Turn   | Place    | Note
-------+----------+-------------------------------------------
     0 | D:1      | MrRokkomies the Gnoll Wanderer began the quest for the Orb.
     0 | D:1      | MrRokkomies set off with the following items: a +0 robe, a
                  | +0 club, a ration; and the following spells available to
                  | memorise: Summon Small Mammal, Infusion, Song of Slaying,
                  | Shroud of Golubria, Recall, Regeneration, Spectral Weapon,
                  | Ensorcelled Hibernation, Throw Frost
     0 | D:1      | Reached XP level 1. HP: 13/13 MP: 4/4
     2 | D:1      | Learned a level 1 spell: Infusion
     4 | D:1      | Learned a level 1 spell: Summon Small Mammal
   318 | D:1      | Reached XP level 2. HP: 17/19 MP: 5/5
   747 | D:1      | Reached XP level 3. HP: 23/25 MP: 7/7
  1133 | D:2      | Reached skill level 1 in Invocations
  1559 | D:2      | Reached skill level 1 in Fighting
  1559 | D:2      | Reached skill level 1 in Short Blades
  1559 | D:2      | Reached skill level 1 in Long Blades
  1559 | D:2      | Reached skill level 1 in Axes
  1559 | D:2      | Reached skill level 1 in Maces & Flails
  1559 | D:2      | Reached skill level 1 in Polearms
  1559 | D:2      | Reached skill level 1 in Staves
  1559 | D:2      | Reached skill level 1 in Slings
  1559 | D:2      | Reached skill level 1 in Bows
  1559 | D:2      | Reached skill level 1 in Crossbows
  1559 | D:2      | Reached skill level 1 in Throwing
  1559 | D:2      | Reached skill level 1 in Armour
  1559 | D:2      | Reached skill level 1 in Dodging
  1559 | D:2      | Reached skill level 1 in Stealth
  1559 | D:2      | Reached skill level 1 in Unarmed Combat
  1575 | D:2      | Reached XP level 4. HP: 23/32 MP: 8/8
  1694 | D:2      | Noticed Jessica
  1702 | D:2      | Killed from afar by Jessica

Levels and vault maps discovered:
D:1:      dpeg_arrival_long_road, layout_rooms, minmay_vboxes
D:2:      layout_basic, first_ration, minmay_misc_feat_roman,
          chequers_serial_rivers_micro_c, uniq_jessica

Skill      XL: |  1  2  3 |
---------------+----------+-----
Poison Magic   | 2 |  2.2
Invocations    | 1 |  1.1
Fighting       | 1 |  1.0
Short Blades   | 1 |  1.0
Long Blades    | 1 |  1.0
Axes           | 1 |  1.0
Maces & Flails | 1 |  1.0
Polearms       | 1 |  1.0
Staves         | 1 |  1.0
Slings         | 1 |  1.0
Bows           | 1 |  1.0
Crossbows      | 1 |  1.0
Throwing       | 1 |  1.0
Armour         | 1 |  1.0
Dodging        | 1 |  1.0
Stealth        | 1 |  1.0
Unarmed Combat | 1 |  1.0
Shields        | |  2.7
Spellcasting   | |  2.9
Conjurations   | |  0.7
Hexes          | |  0.7
Charms         | |  3.8
Summonings     | |  7.1
Necromancy     | |  0.7
Translocations | |  0.7
Transmutations | |  0.7
Fire Magic     | |  0.7
Ice Magic      | |  0.7
Air Magic      | |  0.7
Earth Magic    | |  0.7
Evocations     | |  2.7

Action                   |  1- 3 |  4- 6 || total
-------------------------+-------+-------++-------
Melee: Club              |    78 |       ||    78
       Bite              |    21 |     1 ||    22
       Short sword       |   125 |    17 ||   142
Throw: Stone             |     1 |       ||     1
  Use: Scroll            |     3 |       ||     3
 Stab: Sleeping          |     1 |       ||     1
  Eat: Chunk             |     2 |     1 ||     3
Armor: Plate armour      |   130 |    18 ||   148
       Robe              |     4 |       ||     4
Dodge: Dodged            |    57 |     4 ||    61

Table legend:
 A = Non-vault XP
 B = Vault XP
 C = Vault XP percentage of total XP
 D = Non-vault monster count
 E = Vault monster count
 F = Vault count percentage of total count
                 A         B        C        D         E       F
            +---------+---------+-------+---------+---------+-------
      Total |      74 |      13 |  14.9 |      40 |       6 |  13.0
            +---------+---------+-------+---------+---------+-------
        D:1 |      38 |      13 |  25.5 |      25 |       6 |  19.4
        D:2 |      36 |       0 |   0.0 |      15 |       0 |   0.0
            +---------+---------+-------+---------+---------+-------
